 Dungeon Crawl Stone Soup version 0.28.0-43-g3370ac3207 (webtiles) character file.

Game seed: 6850132036918172624

61 issech the Cudgeller (level 3, 0/36 HPs)
             Began as a Troll Monk on Apr 2, 2022.
             Killed from afar by an orc wizard (4 damage)
             ... with a puff of flame
             ... on level 2 of the Dungeon.
             The game lasted 00:04:47 (1272 turns).

issech the Cudgeller (Troll Monk)                   Turns: 1272, Time: 00:04:49

Health: 0/36       AC:  4    Str: 19    XL:     3   Next: 83%
Magic:  2/2        EV: 10    Int:  6    God:
Gold:   30         SH:  0    Dex: 14    Spells: 2/2 levels left

rFire   + . .      SeeInvis .   a - +0 mace
rCold   . . .      Faith    .   (no shield)
rNeg    . . .      Spirit   .   b - +0 robe
rPois   .          Reflect  .   (helmet restricted)
rElec   .          Harm     .   (no cloak)
rCorr   .          Rampage  .   (gloves unavailable)
Will    .....                   (boots unavailable)
Stlth   +.........              (no amulet)
HPRegen 0.92/turn               c - ring of protection from fire
MPRegen 0.08/turn               (no ring)

@: confused
A: large, unfitting armour, claws 3, regeneration 1, shaggy fur 1, tough skin 1
a: no special abilities


You were on level 2 of the Dungeon.
You visited 1 branch of the dungeon, and saw 2 of its levels.

You collected 30 gold pieces.

Inventory:

Hand Weapons
 a - a +0 mace (weapon)
Missiles
 g - 68 stones (quivered)
 k - 17 sling bullets
Armour
 b - a +0 robe (worn)
Jewellery
 c - a ring of protection from fire (left claw)
Scrolls
 d - a scroll of holy word {unknown}
 e - 5 scrolls of identify {unknown}
 i - a scroll of silence {unknown}
 j - a scroll of noise {unknown}
 l - a scroll of blinking {unknown}
Potions
 f - a potion of invisibility {unknown}
 h - a potion of flight {unknown}


   Skills:
 + Level 2.8 Fighting
 + Level 3.4 Maces & Flails
 + Level 2.9 Dodging
 + Level 1.2 Stealth


You had 2 spell levels left.
You didn't know any spells.
Your spell library was empty.

Dungeon Overview and Level Annotations

Branches:
Dungeon (2/15)

Altars:

Shops:
D:1 *(**


Innate Abilities, Weirdness & Mutations

You are too large for most types of armour.
You have claws for hands.
Your natural rate of healing is unusually fast.
You are covered in fur. (AC +1)
You have tough skin. (AC +1)


Message History

The orc hits you with a +3 dagger of speed.
You closely miss the orc. The orc misses you.
Something hits you but does no damage.
The orc hits you with a +3 dagger of speed.
You hit the orc.
The orc is moderately wounded.
Something hits you. The orc hits you but does no damage.
The orc barely misses you. Something hits you.
You hit the orc.
The orc is heavily wounded.
The orc hits you with a +3 dagger of speed.
Something hits you. The orc hits you but does no damage.
You hit the orc.
The orc is severely wounded.
The orc hits you but does no damage. Something hits you.
The orc hits you with a +3 dagger of speed.
You barely miss the orc.
The orc is severely wounded.
You hear some strange, mumbled words.
You are confused.
The orc hits you with a +3 dagger of speed.
You bump into the rock wall.
The orc hits you with a +3 dagger of speed.
You hear some strange, mumbled words.
You are more confused.
The orc hits you with a +3 dagger of speed.
* * * LOW HITPOINT WARNING * * *
You miss something. Something hits you but does no damage.
The orc hits you but does no damage.
You hear some strange, mumbled words.
You are more confused.
The orc hits you with a +3 dagger of speed.
* * * LOW HITPOINT WARNING * * *
You bump into the rock wall.
The orc hits you with a +3 dagger of speed.
* * * LOW HITPOINT WARNING * * *
You hear some strange, mumbled words.
A puff of flame appears from out of thin air!
The puff of flame hits you. You resist.
You die...

..# og ##o# #.o #.# ...
####o# #.# #..o.# ###
#.# #)#######...# #.#
#(go@#....#.# #.#
####{#†####.# #># #.#.#
#.# #.# ##...####.####
#)# #...........)# #.#
##.....###.##.# #.#
##...##.###.##.# # #.###
######.###.#.....##.##.#
....# #......#
#.............#


You could see an orc and a goblin.

Vanquished Creatures
  An adder (D:2)
  An ufetubus (D:2)
  An orc (D:2)
  8 ball pythons
  6 bats
  An endoplasm (D:1)
  2 giant cockroaches (D:1)
  5 goblins
  3 hobgoblins
  2 jackals (D:1)
  5 kobolds (D:1)
  A quokka (D:2)
  2 frilled lizards
  5 rats
43 creatures vanquished.

Notes
Turn   | Place    | Note
-------+----------+-------------------------------------------
     0 | D:1      | issech the Troll Monk began the quest for the Orb.
     0 | D:1      | Reached XP level 1. HP: 22/22 MP: 0/0
    87 | D:1      | Found Rojirhu's Assorted Antiques.
   136 | D:1      | Found Asith's Antique Weapon Shoppe.
   290 | D:1      | Reached XP level 2. HP: 29/29 MP: 1/1
   383 | D:1      | Reached skill level 3 in Maces & Flails
   556 | D:1      | Found a faded altar of an unknown god.
   642 | D:1      | Found Vaetin's General Store.
   731 | D:1      | Reached XP level 3. HP: 36/36 MP: 2/2
   804 | D:1      | Found Custrura's General Store.
  1272 | D:2      | Killed from afar by an orc wizard

Illustrated notes

Levels and vault maps discovered:
D:1:      minmay_arrival_wavy_path, layout_loops_cross,
          shapermc_ecumenical_altar_notcrosses, serial_shops,
          nicolae_shop_waterfront, nicolae_shop_behind_doors,
          nicolae_shop_trees, shop
D:2:      layout_loops_ring

Skill      XL: |  1  2 |
---------------+-------+-----
Maces & Flails | 3 |  3.4
Fighting       | |  2.8
Dodging        | |  2.9
Stealth        | |  1.2

Action                   || total
-------------------------++-------
Melee: Mace              ||   113
Throw: Stone             ||     4
 Stab: Sleeping          ||     4
Armor: Robe              ||    50
Dodge: Dodged            ||    63
